 Dungeon Crawl Stone Soup version 0.31-a0-795-g5eb97db20b (webtiles) character file.

Game seed: 1273213993475859554

112625 rjrrt the Severer (level 16, -9/146 (147) HPs)
             Began as a Minotaur Fighter on Sept 18, 2023.
             Was the Champion of Okawaru.
             Mangled by Donald
             ... wielding a +2 demon trident of venom
              (30 damage)
             ... on level 1 of the Swamp.
             The game lasted 01:09:27 (25766 turns).

rjrrt the Severer (Minotaur Fighter)               Turns: 25766, Time: 01:09:28

HP:   -9/146 (147)  AC: 28    Str: 26    XL:     16   Next: 12%
MP:   21/23         EV: 17    Int:  7    God:    Okawaru [******]
Gold: 1654          SH: 14    Dex: 18    Spells: 15/15 levels left

rFire   + + +        a - +3 broad axe (vamp)
rCold   + . .        r - +0 kite shield {AC+3}
rNeg    . . .        g - +0 plate armour {rF+}
rPois   +            P - +0 hat of Fortitude {rPois Int+2 SInv Stlth-}
rElec   .            E - scarf "Duunt" {rC+ rF+, Will+ Slay+2}
rCorr   .            p - +2 pair of gloves
SInv    +            q - +1 pair of boots
Will    ++...        (no amulet) Stlth
                     N - ring "Acenazep" {Fly rF+ Dex+5}
HPRegen 0.44/turn    G - +4 ring of slaying
MPRegen 0.18/turn

%: no passive effects
@: lethally poisoned (-9 -> -30), heroic, flying, lightly drained
A: horns 2, retaliatory headbutt
a: Renounce Religion, Heroism, Finesse, Duel


You were on level 1 of the Swamp.
You worshipped Okawaru.
Okawaru was exalted by your worship.
You visited 5 branches of the dungeon, and saw 24 of its levels.

You collected 2498 gold pieces.
You spent 844 gold pieces at shops.

Inventory:

Hand Weapons
 a - a +3 vampiric broad axe (weapon)
 b - the +8 whip "Snakebite" {venom, curare, rPois}
   (You took it off Amaemon on level 8 of the Dungeon)

   rPois:     It protects you from poison
 M - a +0 demon trident
Missiles
 s - 6 throwing nets
 v - 18 boomerangs (quivered)
 x - 5 javelins
Armour
 g - a +0 plate armour of fire resistance (worn)
 j - a +1 cloak
 p - a +2 pair of gloves (worn)
 q - a +1 pair of boots (worn)
 r - a +0 kite shield of protection (worn)
 E - the scarf "Duunt" (worn) {rC+ rF+, Will+ Slay+2}
   (Okawaru gifted it to you on level 2 of the Orcish Mines)

   Slay+2:    It affects your accuracy & damage with ranged weapons and melee
   (+2).
   Will+:     It increases your willpower.
 P - the +0 hat of Fortitude (worn) {rPois Int+2 SInv Stlth-}
   (Okawaru gifted it to you on level 9 of the Dungeon)

   Int+2:     It affects your intelligence (+2).
   rPois:     It protects you from poison SInv: It lets you see invisible.
   Stlth-:    It makes you less stealthy.
Jewellery
 c - a ring of resist corrosion
 k - a +5 ring of evasion
 G - a +4 ring of slaying (right hand)
 L - a +4 ring of protection
 N - the ring "Acenazep" (left hand) {Fly rF+ Dex+5}
   (You found it on level 15 of the Dungeon)

   [ring of flight]

   Dex+5:     It affects your dexterity (+5).
   rF+:       It protects you from fire.
   Fly:       It grants you flight.
Wands
 w - a wand of polymorph (15)
 z - a wand of digging (19)
 H - a wand of roots (12)
 K - a wand of paralysis (7)
Scrolls
 f - 6 scrolls of blinking
 h - 15 scrolls of teleportation
 i - 3 scrolls of fear
 y - a scroll of revelation
 A - a scroll of fog
 D - 2 scrolls of noise
 J - 4 scrolls of identify
Potions
 d - 5 potions of might
 e - 4 potions of brilliance
 l - 2 potions of ambrosia
 m - 4 potions of lignification
 n - 5 potions of attraction
 o - 7 potions of heal wounds
 t - 14 potions of curing
 u - 3 potions of mutation
 B - a potion of magic
 C - 7 potions of resistance
 F - 2 potions of haste
 I - 5 potions of enlightenment
 O - a potion of cancellation


   Skills:
 + Level 14.5(19.5) Fighting
 + Level 19.2(24.2) Axes
 + Level 14.5(19.5) Armour
 + Level 12.6(17.6) Dodging
 + Level 9.7(14.7) Shields
 + Level 11.6 Invocations
 - Level 4.0 Evocations


You had 15 spell levels left.
You didn't know any spells.
Your spell library contained the following spells:

 Spells                   Type           Power      Damage    Failure   Level
 Necrotise                Necr           0%         1d4       98%         1
 Shock                    Conj/Air       0%         1d3       98%         1
 Sting                    Tmut/Pois      0%         1d3       98%         1
 Poisonous Vapours        Pois/Air       0%         N/A       99%         2
 Static Discharge         Conj/Air       0%         2-2/arc   99%         2
 Sublimation of Blood     Necr           0%         N/A       99%         2
 Dazzling Flash           Conj/Hex       0%         N/A       100%        3
 Frozen Ramparts          Ice            0%         1d1       100%        3
 Inner Flame              Hex/Fire       0%         N/A       100%        3
 Stone Arrow              Conj/Erth      0%         3d7       100%        3
 Swiftness                Air            0%         N/A       100%        3
 Vampiric Draining        Necr           0%         2d6       100%        3
 Airstrike                Air            0%         2d(0-16)  100%        4
 Flame Wave               Conj/Fire      0%         2d4       100%        4
 Leda's Liquefaction      Hex/Erth       0%         N/A       100%        4
 Olgreb's Toxic Radiance  Pois           0%         N/A       100%        4
 Petrify                  Tmut/Erth      0%         N/A       100%        4
 Sticky Flame             Conj/Fire      0%         2d3       100%        4
 Vhi's Electric Charge    Tloc/Air       0%         N/A       100%        4
 Agony                    Necr           0%         N/A       100%        5
 Arcjolt                  Conj/Air       0%         1d10      100%        5
 Irradiate                Conj/Tmut      0%         3d11      100%        5
 Lee's Rapid Deconstruct  Erth           0%         3d4*      100%        5
 Metabolic Englaciation   Hex/Ice        0%         N/A       100%        5
 Silence                  Hex/Air        0%         N/A       100%        5
 Leda's Unmaking          Conj/Erth      0%         9d1       100%        6
 Plasma Beam              Fire/Air       0%         2x1d10    100%        6
 Lehudib's Crystal Spear  Conj/Erth      0%         10d2      100%        8
 Summon Small Mammal      Summ           Unusable   N/A       N/A         1
 Call Canine Familiar     Summ           Unusable   N/A       N/A         3
 Summon Guardian Golem    Hex/Summ       Unusable   N/A       N/A         3
 Animate Armour           Summ/Erth      Unusable   N/A       N/A         4
 Summon Lightning Spire   Summ/Air       Unusable   N/A       N/A         4

Dungeon Overview and Level Annotations

Branches:
Dungeon (15/15)            Temple (1/1) D:6            Lair (5/5) D:8
  Swamp (1/4) Lair:3       Spider (0/4) Lair:2        Slime (0/5) Lair:4
    Orc (2/2) D:11            Elf (0/3) Orc:2        Vaults (0/5) D:13
 Depths (0/4) D:15

Altars:
Ashenzari
Cheibriados
Dithmenos
Elyvilon
Fedhas
Gozag
Hepliaklqana
Kikubaaqudgha
Makhleb
Nemelex Xobeh
Okawaru
Qazlal
Ru
Sif Muna
Trog
Uskayaw
Vehumet
Wu Jian
Xom
Yredelemnul
Zin
The Shining One
Lugonu

Shops:
D:5 (=?*   D:6 (   D:15 [   Orc:2 [[*(*

Portals:
Abyss: Lair:5

Annotations:
Lair:2 1 runed translucent door, pigah's ghost, journeyman OpSh
Lair:5 exclusion: ice statue
Swamp:1 Donald


Innate Abilities, Weirdness & Mutations

You have a pair of horns on your head.
You reflexively headbutt those who attack you in melee.


Message History

You feel extremely sick.
Donald says, "Maybe I'll visit Hell next."
Donald hits you but does no damage.
Unknown command.
You hit Donald but do no damage. Donald blocks your attack.
Donald is heavily wounded.
You feel very sick.
Donald gestures wildly while chanting.
Donald seems to speed up.
You hit Donald but do no damage. Donald blocks your attack.
Donald is heavily wounded.
You feel very sick.
Donald hits you with a +2 demon trident of venom!
* * * LOW HITPOINT WARNING * * *
You are lethally poisoned!
Donald blocks your attack.
Your headbutt misses Donald.
Donald is heavily wounded.
* * * LOW HITPOINT WARNING * * *
You feel extremely sick. Donald closely misses you.
You hit Donald but do no damage. You headbutt Donald.
Donald is heavily wounded.
* * * LOW HITPOINT WARNING * * *
You feel extremely sick.
Donald hits you with a +2 demon trident of venom.
* * * LOW HITPOINT WARNING * * *
You slash Donald!
You feel better.
Donald is severely wounded.
* * * LOW HITPOINT WARNING * * *
You feel very sick. Donald hits you but does no damage.
Unknown command.
You slash Donald!
You feel better.
Donald is almost dead.
* * * LOW HITPOINT WARNING * * *
You feel very sick.
Donald says, "The more heads they grow, the more I hate hydras."
Donald hits you with a +2 demon trident of venom!!
You die...
Donald says, "I won.
I... don't hate that."

♣♣..~≈♣ ♣~~ ♣~~
♣≈♣.~♣ ♣~♣♣≈. ♣...♣~
♣~≈≈.♣ ♣♣..♣♣~
♣#≈... ♣~.♣♣§~ ♣≈≈♣.
♣≈†..♣ ♣≈..♣♣♣
♣..♣.♣♣ ♣♣.....♣
♣♣♣....♣ ♣~.@@#.♣
♣≈.#~..≈ ♣♣.♣♣..♣
♣♣≈[....≈ ♣~..≈.~♣
#♣)≈≈.~♣.≈
♣♣.~♣.~#♣♣♣..≈≈♣≈♣.~
♣#.♣♣~~~.....≈♣♣..≈
♣^.♣♣....~♣~.~≈♣~.♣
♣♣).♣♣~....♣......♣
♣..≈♣♣♣♣.#..♣..♣.♣♣
♣♣~♣♣≈♣♣...♣♣♣♣.~~♣


You could see Donald (fast, strong, reflecting).

Vanquished Creatures
  Jorgrun (D:12)
  Frances (D:12)
  An orc warlord (Orc:1)
  The ghost of Zoram the Thaumaturge, a journeyman SpAE of Vehumet (D:15)
  A dire elephant (D:15)
  2 ettins (D:15)
  3 hydras
  5 ogre magi
  An ice dragon (Lair:5)
  Erica (D:8)
  A catoblepas (Lair:2)
  26 two-headed ogres
  5 centaur warriors
  3 boulder beetles
  5 tengu warriors
  Urug (D:12)
  2 orc high priests
  3 thrashing horrors (Lair:5)
  Nergalle (Lair:3)
  Amaemon (D:8)
  A sixfirhy (D:9)
  3 skysharks
  A goliath frog (Swamp:1)
  2 spriggan druids (Swamp:1)
  5 bog bodies
  A deep elf archer (D:13)
  A lindwurm (Lair:3)
  A harpy (shapeshifter) (D:15)
  5 orc knights
  Pikel (D:8)
  3 deep elf zephyrmancers (D:13)
  A necromancer (Swamp:1)
  A wolf spider (D:15)
  5 manticores
  6 ugly things
  7 cyclopes
  2 orc sorcerers
  A salamander (D:15)
  5 elephants
  5 black mambas
  Joseph (D:8)
  2 gargoyles (D:12)
  An orange demon (D:8)
  2 smoke demons (Lair:5)
  Maggie (D:8)
  3 molten gargoyles
  A cane toad (shapeshifter) (Lair:5)
  10 cane toads
  4 unseen horrors
  6 komodo dragons
  2 efreet
  A yaktaur (shapeshifter) (D:15)
  3 yaktaurs (D:15)
  4 hornets
  6 polar bears
  3 trolls (D:10)
  A tyrant leech (Swamp:1)
  Prince Ribbit (D:7)
  26 blink frogs
  A raiju (shapeshifter) (D:15)
  3 raiju (Lair:5)
  A dream sheep (shapeshifter) (D:14)
  6 dream sheep (Lair:3)
  A centaur simulacrum (D:15)
  5 slime creatures
  4 spriggans
  A shadow (D:9)
  3 vampires
  3 wyverns
  2 wraiths
  3 chaos spawn (Lair:5)
  31 yaks
  Grum (D:8)
  10 basilisks
  3 steam dragons
  6 vampire mosquitoes
  9 swamp worms
  2 large abominations (Lair:5)
  8 wargs
  An acid dragon (D:11)
  13 water moccasins
  2 swamp drakes (Swamp:1)
  5 black bears
  33 orc warriors
  5 ice beasts (Lair:5)
  A sky beast (D:8)
  18 centaurs
  A boggart (D:13)
  26 ogres
  24 wolves
  7 small abominations (Lair:5)
  2 kobold brigands (D:13)
  15 bullfrogs
  2 gnoll sergeants
  A scorpion (Lair:2)
  3 wights (D:7)
  2 vampire bats (Orc:2)
  4 killer bees (D:8)
  3 howler monkeys
  2 electric eels
  5 lava snakes (Lair:4)
  5 hounds
  24 orc priests
  6 jellies
  Ijyb (D:3)
  A sleepcap (D:6)
  Terence (D:3)
  24 orc wizards
  Natasha (twice) (D:2)
  5 iguanas
  4 hell rats (Lair:4)
  6 adders
  17 gnolls
  3 white imps
  2 ufetubi
  5 dart slugs
  A worm (D:4)
  59 orcs
  5 bats
  6 endoplasms
  A giant cockroach (D:3)
  6 goblins
  5 hobgoblins
  3 quokkas
  3 training dummies (D:6)
  5 ball pythons
  6 frilled lizards
  11 kobolds
  6 rats
701 creatures vanquished.

Vanquished Creatures (others)
  A hornet (Swamp:1)
  2 spriggans (Swamp:1)
  A kobold brigand (D:9)
  An orc wizard (D:10)
  A kobold (D:9)
6 creatures vanquished.

Grand Total: 707 creatures vanquished

Notes
Turn   | Place    | Note
-------+----------+-------------------------------------------
     0 | D:1      | rjrrt the Minotaur Fighter began the quest for the Orb.
     0 | D:1      | Reached XP level 1. HP: 19/19 MP: 0/0
   265 | D:1      | Reached XP level 2. HP: 23/27 MP: 1/1
   471 | D:1      | Reached skill level 3 in Axes
   736 | D:2      | Reached XP level 3. HP: 33/33 MP: 2/2
   841 | D:2      | Noticed Natasha
   844 | D:2      | Killed Natasha
   845 | D:2      | Reached skill level 4 in Axes
  1024 | D:2      | Reached XP level 4. HP: 40/40 MP: 3/3
  1033 | D:2      | Found a blossoming altar of Fedhas.
  1233 | D:2      | Noticed Natasha
  1238 | D:2      | Killed Natasha
  1239 | D:2      | Reached skill level 5 in Axes
  1342 | D:3      | Found a shimmering altar of Xom.
  1655 | D:3      | Noticed Terence
  1664 | D:3      | Killed Terence
  1959 | D:3      | Found a sacrificial altar of Ru.
  1993 | D:3      | Noticed Ijyb
  2008 | D:3      | Killed Ijyb
  2009 | D:3      | Reached XP level 5. HP: 37/46 MP: 4/4
  2197 | D:4      | Reached skill level 6 in Axes
  2245 | D:4      | Found an opulent altar of Gozag.
  2334 | D:4      | Found a basalt altar of Yredelemnul.
  2441 | D:4      | Found a bloodstained altar of Trog.
  2461 | D:4      | Reached skill level 7 in Axes
  2533 | D:4      | Reached XP level 6. HP: 52/52 MP: 5/5
  2933 | D:4      | Reached skill level 8 in Axes
  2945 | D:5      | Entered Level 5 of the Dungeon
  3087 | D:5      | Found Neigg's Magic Scroll Shoppe.
  3095 | D:5      | Bought a scroll of fear for 48 gold pieces
  3095 | D:5      | Bought a scroll of blinking for 90 gold pieces
  3284 | D:5      | Found Ciunuqiu's Jewellery Shop.
  3356 | D:5      | Reached XP level 7. HP: 50/59 MP: 6/6
  3396 | D:5      | Found Cytyuc's General Store.
  3401 | D:5      | Bought a potion of curing for 39 gold pieces
  3427 | D:5      | Reached skill level 9 in Axes
  3467 | D:5      | Found a white marble altar of Elyvilon.
  4046 | D:5      | Found Cappeol's Antique Weapon Shoppe.
  4051 | D:5      | Reached skill level 10 in Axes
  4171 | D:5      | Bought a broad axe for 88 gold pieces
  4257 | D:6      | Found a staircase to the Ecumenical Temple.
  4267 | Temple   | Entered the Ecumenical Temple
  4445 | D:6      | Reached XP level 8. HP: 66/66 MP: 7/7
  4513 | D:6      | Found a hide-covered altar of Uskayaw.
  4532 | D:6      | Reached skill level 11 in Axes
  4606 | D:6      | Found a blossoming altar of Fedhas.
  4611 | D:6      | Found Zomueps's Firing Range.
  5083 | D:6      | Found a radiant altar of Vehumet.
  5172 | D:6      | Found an iron altar of Okawaru.
  5180 | D:6      | Became a worshipper of Warmaster Okawaru
  5460 | D:7      | Reached skill level 1 in Dodging
  5501 | D:7      | Reached skill level 1 in Invocations
  5568 | D:7      | Reached skill level 12 in Axes
  5603 | D:7      | Reached * piety under Okawaru
  6026 | D:7      | Noticed Prince Ribbit
  6036 | D:7      | Killed Prince Ribbit
  6037 | D:7      | Reached skill level 5 in Fighting
  6037 | D:7      | Reached skill level 5 in Armour
  6037 | D:7      | Reached XP level 9. HP: 73/74 MP: 9/9
  6072 | D:7      | Reached skill level 5 in Shields
  6311 | D:8      | Reached ** piety under Okawaru
  6521 | D:8      | Found a staircase to the Lair.
  6521 | D:8      | Noticed an elephant
  6528 | D:8      | Noticed Joseph
  6545 | D:8      | Killed an elephant
  6550 | D:8      | Killed Joseph
  6551 | D:8      | Reached skill level 13 in Axes
  6609 | D:8      | Found a broken altar of Ashenzari.
  6784 | D:8      | Noticed an orange demon
  6784 | D:8      | Noticed Maggie
  6785 | D:8      | Noticed Amaemon
  6786 | D:8      | Noticed Pikel
  6956 | D:9      | Reached *** piety under Okawaru
  6957 | D:9      | Reached XP level 10. HP: 73/83 MP: 11/11
  7081 | D:8      | Noticed Erica
  7099 | D:8      | Killed Erica
  7103 | D:8      | Reached **** piety under Okawaru
  7219 | D:8      | Killed Pikel
  7356 | D:8      | Killed an orange demon
  7357 | D:8      | Reached skill level 5 in Dodging
  7382 | D:8      | Killed Amaemon
  7383 | D:8      | Reached skill level 14 in Axes
  7788 | D:8      | Noticed Grum
  7798 | D:8      | Killed Grum
  8097 | Lair:1   | Entered Level 1 of the Lair of Beasts
  8106 | Lair:1   | Reached ***** piety under Okawaru
  8108 | Lair:1   | Reached skill level 5 in Invocations
  8116 | Lair:1   | Noticed a cane toad
  8288 | Lair:1   | Noticed a cane toad
  8290 | Lair:1   | Killed a cane toad
  8297 | Lair:1   | Reached XP level 11. HP: 49/93 MP: 13/13
  9135 | Lair:2   | Found a hole to the Spider Nest.
  9181 | Lair:2   | Reached skill level 15 in Axes
  9253 | Lair:2   | Found a runed translucent door.
  9273 | Lair:2   | Found a shimmering altar of Xom.
  9273 | Lair:2   | Noticed pigah's ghost (journeyman OpSh)
  9274 | Lair:2   | Noticed a +4 morningstar of chaos
  9720 | Lair:2   | Reached ****** piety under Okawaru
  9782 | Lair:2   | Noticed a catoblepas
  9799 | Lair:2   | Killed a catoblepas
 10260 | Lair:3   | Received a gift from Okawaru
 10431 | Lair:3   | Noticed a skyshark
 10443 | Lair:3   | Killed a skyshark
 10452 | Lair:3   | Noticed a bog body
 10470 | Lair:3   | Killed a bog body
 10572 | Lair:3   | Noticed a bog body
 10588 | Lair:3   | Killed a bog body
 10796 | Lair:3   | Found a staircase to the Swamp.
 10820 | Lair:3   | Reached skill level 16 in Axes
 10820 | Lair:3   | Reached XP level 12. HP: 95/104 MP: 15/15
 11216 | Lair:3   | Noticed Nergalle
 11229 | Lair:3   | Identified the +0 robe "Zegu" {Regen+ SInv} (Okawaru gifted
                  | it to you on level 3 of the Lair of Beasts)
 11229 | Lair:3   | Received a gift from Okawaru
 11245 | Lair:3   | Killed Nergalle
 11861 | Lair:4   | Reached skill level 10 in Fighting
 11871 | Lair:4   | Reached skill level 10 in Armour
 11873 | Lair:4   | Noticed a boulder beetle
 11929 | Lair:4   | Killed a boulder beetle
 12007 | Lair:4   | Found a staircase to the Slime Pits.
 12747 | Lair:5   | Entered Level 5 of the Lair of Beasts
 13123 | Lair:5   | Reached XP level 13. HP: 106/115 MP: 18/18
 13133 | Lair:5   | Identified the +0 ring mail of Free Expression {Regen+
                  | Str+3 Int+3 Dex+3} (Okawaru gifted it to you on level 5 of
                  | the Lair of Beasts)
 13133 | Lair:5   | Received a gift from Okawaru
 13408 | Lair:5   | Reached skill level 17 in Axes
 14817 | Lair:5   | Reached skill level 10 in Dodging
 14921 | Lair:5   | Found a corrupted altar of Lugonu.
 14921 | Lair:5   | Found a one-way gate to the infinite horrors of the Abyss.
 15643 | D:8      | Killed Maggie
 15979 | D:9      | Found a runed translucent door.
 15980 | D:9      | Found a burning altar of Makhleb.
 16085 | D:9      | Found a shadowy altar of Dithmenos.
 16114 | D:9      | Found a sparkling altar of Nemelex Xobeh.
 16269 | D:9      | Identified the +0 hat of Fortitude {rPois Int+2 SInv
                  | Stlth-} (Okawaru gifted it to you on level 9 of the
                  | Dungeon)
 16269 | D:9      | Received a gift from Okawaru
 16650 | D:10     | Entered Level 10 of the Dungeon
 16650 | D:10     | Found an ancient bone altar of Kikubaaqudgha.
 16656 | D:10     | Identified the +1 quarterstaff of the Peculiar Defenders
                  | {spect, rN+}
 17132 | D:10     | Found a shimmering blue altar of Sif Muna.
 17429 | D:11     | Reached XP level 14. HP: 126/126 MP: 20/20
 17605 | D:11     | Found a staircase to the Orcish Mines.
 17624 | D:11     | Reached skill level 1 in Evocations
 17749 | D:11     | Identified the +7 spear of Kitoq {freeze, rN+}
 18800 | Orc:1    | Entered Level 1 of the Orcish Mines
 19291 | Orc:1    | Noticed an orc warlord
 19343 | Orc:1    | Killed an orc warlord
 19724 | Orc:1    | Identified the +4 helmet "Eryck" {rPois rC++ Int-5 Stlth+}
 19861 | Orc:1    | Reached skill level 18 in Axes
 19918 | Orc:1    | Reached skill level 10 in Invocations
 20176 | Orc:2    | Entered Level 2 of the Orcish Mines
 20176 | Orc:2    | Found Udean's General Store.
 20189 | Orc:2    | Found a staircase to the Elven Halls.
 20194 | Orc:2    | Received a gift from Okawaru
 20255 | Orc:2    | Bought a potion of heal wounds for 55 gold pieces
 20255 | Orc:2    | Bought 2 potions of resistance for 220 gold pieces
 20255 | Orc:2    | Bought a scroll of fog for 44 gold pieces
 20434 | Orc:2    | Identified the scarf "Duunt" {rC+ rF+, Will+ Slay+2}
                  | (Okawaru gifted it to you on level 2 of the Orcish Mines)
 20434 | Orc:2    | Received a gift from Okawaru
 20670 | Orc:2    | Found Igeonicw's Assorted Antiques.
 20670 | Orc:2    | Found Teeruaw's Weapon Boutique.
 20671 | Orc:2    | Found Meishes's Antique Armour Shop.
 20671 | Orc:2    | Found Saog's Antique Armour Shoppe.
 20689 | Orc:2    | Bought 2 potions of heal wounds for 260 gold pieces
 21164 | D:12     | Received a gift from Okawaru
 21172 | D:12     | Reached XP level 15. HP: 136/136 MP: 21/21
 21356 | D:12     | Noticed Frances
 21374 | D:12     | Killed Frances
 21399 | D:12     | Noticed Jorgrun
 21413 | D:12     | Killed Jorgrun
 21677 | D:12     | Noticed Urug
 21692 | D:12     | Killed Urug
 22225 | D:13     | Paralysed by an ogre mage for 2 turns
 22269 | D:13     | Found a gate to the Vaults.
 23178 | D:13     | Found a glowing golden altar of the Shining One.
 23371 | D:15     | Entered Level 15 of the Dungeon
 23413 | D:15     | Found a transporter.
 23414 | D:15     | Noticed Zoram's ghost (journeyman SpAE)
 23415 | D:15     | Identified the +6 great mace of Gusalel {drain, Int+2
                  | Dex+6}
 23419 | D:15     | Found a transporter.
 23746 | D:15     | Found Diago's Antique Armour Emporium.
 23798 | D:14     | Identified the +0 scale mail "Jetyl" {rElec Str+3 Int+6
                  | Dex-2} (Okawaru gifted it to you on level 14 of the
                  | Dungeon)
 23798 | D:14     | Received a gift from Okawaru
 24775 | D:15     | Reached skill level 19 in Axes
 25055 | D:15     | Found a staircase to the Depths.
 25196 | D:15     | Killed Zoram's ghost
 25211 | D:15     | Identified the ring "Acenazep" {Fly rF+ Dex+5}
 25447 | Swamp:1  | Entered Level 1 of the Swamp
 25505 | Swamp:1  | Reached XP level 16. HP: 140/147 MP: 23/23
 25749 | Swamp:1  | Noticed Donald
 25766 | Swamp:1  | Mangled by Donald

Illustrated notes

Levels and vault maps discovered:
D:1:      minmay_arrival_wavy_path, layout_loops_ring, minmay_misc_feat_five
D:2:      layout_basic, basic_altar, uniq_natasha
D:3:      layout_loops_ring, mainiacjoe_overflow_catwalk, lemuel_round_altar,
          uniq_terence, uniq_ijyb
D:4:      layout_loops_ring, lemuel_round_altar, mainiacjoe_overflow_paths,
          grunt_gozag_statues
D:5:      layout_basic, mainiacjoe_overflow_surrounded_room, serial_aquarium,
          aquarium_bridge_long_joined [aquarium_subvault_window,
          aquarium_subvault_wall, aquarium_subvault_wall,
          aquarium_subvault_bridge, aquarium_subvault_bridge,
          aquarium_subvault_window], aquarium_bridge_straight
          [aquarium_subvault_bridge, aquarium_subvault_wall,
          aquarium_subvault_bridge, aquarium_subvault_balcony],
          aquarium_window_fake, aquarium_window_fake, aquarium_window_2,
          aquarium_view_2e, aquarium_view_2c, aquarium_balcony_3a,
          aquarium_pool_corner, serial_shops, shop, shop, nicolae_shop_stone,
          nicolae_shop_stone
D:6:      layout_loops_ring, okawaru_altar_gauntlet_db,
          lemuel_coloured_pillars_altar, eat_drink_and_be_merry_uskayaw,
          lemuel_crystal_altar, minmay_temple_entry_arrows,
          nicolae_shop_firing_range
D:7:      layout_loops_cross, uniq_prince_ribbit1
D:8:      layout_layer_cave, mainiacjoe_overflow_small_starburst,
          david_lair_generic, st_stairs_14, uniq_grum, uniq_maggie, uniq_pikel,
          uniq_joseph, uniq_amaemon, uniq_erica
D:9:      layout_basic, mainiacjoe_overflow_two_lobes, nzn_makhleb_speed_demon
D:10:     layout_cross, kennysheep_orc_sif_temple, lemuel_tele_altar,
          serial_glass, glass_columns_a, glass_columns_a, glass_columns_a,
          glass_columns_a, glass_columns_a, glass_columns_b
D:11:     layout_basic, minmay_orc_entry_guard_dogs, serial_curves,
          eino_curves_04, eino_curves_04, centaur_isle
D:12:     layout_basic, special_room [special_room_orc], st_stairs_10,
          uniq_jorgrun, uniq_frances, uniq_urug
D:13:     layout_loops_corners, hangedman_vaults_entry_quadrant_bands,
          tso_oasis_becter
D:14:     layout_grid_maze
D:15:     hangedman_depths_entry_try_elsewhere_first, layout_loops_ring,
          nicolae_lava_and_water, gammafunk_ghost_smash, serial_shops,
          nicolae_shop_behind_doors
Temple:   nicolae_temple_ecumenical_triangle
Lair:1:   gammafunk_indiana_jones, layout_misc_corridors, minmay_holes,
          beast_lair_carwin_5, lemuel_fruit_tree
Lair:2:   layout_loops_ring, dummy_spider_entry, ebering_ghost_xom
Lair:3:   layout_small_grid, nicolae_swamp_entry_splash_gauntlet, uniq_nergalle
Lair:4:   cheibrodos_magma_flow, layout_regular_city,
          minmay_slime_entry_pillars, serial_bayou, serial_bayou_pond_c,
          serial_bayou_shore_b, serial_bayou_pond_c, serial_bayou_ford_a
Lair:5:   hellmonk_lair_end_abyssal_woods, layout_hall_layers, ice2_lemuel,
          lemuel_fruit_fields, serial_bayou_shore_b
Swamp:1:  nicolae_swamp_standing_stones, layout_basic_swamp,
          hangedman_swamp_ruin_wall, uniq_donald
Orc:1:    orc_temple, layout_caves
Orc:2:    st_orc_ogre_mass, layout_caves, serial_shops, nicolae_shop_tiny_glass,
          roderic_batcave, bh_open_orc_temple

Skill      XL: |  1  2  3  4  5  6  7  8  9 10 11 12 13 14 15 |
---------------+----------------------------------------------+-----
Axes           | 3 4 5 7 8 10 12 13 14 16 17 18 19 | 19.2
Armour         | 4 5 6 7 9 10 12 13 14 | 14.5
Fighting       | 4 5 6 7 9 10 12 13 14 | 14.5
Shields        | 4 6 7 9 |  9.7
Dodging        | 2 4 5 7 9 10 11 12 | 12.6
Invocations    | 2 3 5 6 8 9 10 11 | 11.6
Evocations     | 3 4 |  4.0

Action                     |  1- 3 |  4- 6 |  7- 9 | 10-12 | 13-15 | 16-18 || total
---------------------------+-------+-------+-------+-------+-------+-------++-------
  Melee: War axe           |    64 |   119 |   235 |    74 |       |       ||   492
         Headbutt          |     9 |    15 |    43 |   119 |   329 |    14 ||   529
         Unarmed           |       |     4 |       |       |       |       ||     4
         Whip              |       |       |       |   481 |   707 |       ||  1188
         Broad axe         |       |       |       |    10 |   536 |    57 ||   603
  Throw: Boomerang         |       |       |       |       |     6 |       ||     6
 Invoke: Heroism           |       |       |     1 |     8 |    13 |     1 ||    23
  Evoke: Wand              |       |       |       |     2 |    25 |       ||    27
    Use: Scroll            |       |     9 |     7 |     7 |     5 |       ||    28
         Potion            |       |       |       |       |     2 |       ||     2
   Stab: Distracted        |       |       |       |       |     2 |       ||     2
         Paralysed         |       |       |       |       |     2 |       ||     2
         Confused          |       |       |       |       |       |     7 ||     7
 Armour: Scale mail        |    42 |    11 |       |       |       |       ||    53
         Chain mail        |       |     6 |       |       |       |       ||     6
         Skin              |       |     2 |       |       |       |       ||     2
         Plate armour      |       |    62 |   117 |   250 |   811 |    32 ||  1272
         Swamp dragon scal |       |       |    30 |    31 |       |       ||    61
  Dodge: Dodged            |    27 |    35 |   143 |   189 |   618 |    20 ||  1032
  Block: Buckler           |    19 |    19 |    56 |   110 |   132 |       ||   336
         Kite shield       |       |       |       |       |   268 |    29 ||   297

Table legend: (Time is in decaauts)
 A = Elapsed time spent in this place.
 B = Non-inter-level travel time spent in this place.
 C = Inter-level travel time spent in this place.
 D = Time resting spent in this place.
 E = Time spent auto-exploring this place.
 F = Levels seen in this place.
 G = Mean time per level.
                   A        B        C        D        E       F      G
               +--------+--------+--------+--------+--------+-----+--------+
         Total |  25221 |  24036 |   1185 |   3021 |  13213 |  24 | 1050.9 |
       Dungeon |  15511 |  14666 |    845 |    829 |   9872 |  15 | 1034.1 |
        Temple |     17 |     17 |      0 |      0 |      0 |   1 |   17.0 |
          Lair |   7351 |   7048 |    303 |   2088 |   2357 |   5 | 1470.2 |
         Swamp |    303 |    303 |      0 |      0 |    168 |   1 |  303.0 |
  Orcish Mines |   2037 |   2001 |     36 |    103 |    815 |   2 | 1018.5 |
               +--------+--------+--------+--------+--------+-----+--------+

Top non-repeatable levels by time:
  Lair:5: 2629 daAuts
     D:8: 1662 daAuts
  Lair:3: 1567 daAuts
    D:11: 1439 daAuts
   Orc:1: 1328 daAuts
     D:5: 1291 daAuts
     D:9: 1268 daAuts
    D:13: 1247 daAuts
  Lair:4: 1091 daAuts
  Lair:2: 1057 daAuts
     D:6: 1052 daAuts
    D:14: 1017 daAuts
    D:12: 1006 daAuts
  Lair:1: 1005 daAuts
    D:15: 994 daAuts
